 Dungeon Crawl Stone Soup version 0.29-a0-676-ga64570c9d2 (webtiles) character file.

Game seed: 10025089821301190960

44 Zonian the Chiller (level 3, -4/16 HPs)
             Began as a Vine Stalker Ice Elementalist on June 24, 2022.
             Slain by Natasha (6 damage)
             ... on level 2 of the Dungeon.
             The game lasted 00:02:40 (3314 turns).

Zonian the Chiller (Vine Stalker Ice Elementalist)  Turns: 3314, Time: 00:02:41

Health: -4/16      AC:  3    Str: 10    XL:     3   Next: 62%
Magic:  0/8        EV: 12    Int: 15    God:
Gold:   105        SH:  0    Dex: 16    Spells: 6/7 levels left

rFire   . . .      SeeInvis .   c - +0 dagger
rCold   . . .      Faith    .   (no shield)
rNeg    . . .      Spirit   +   a - +0 robe
rPois   .          Reflect  .   (no helmet)
rElec   .          Harm     .   (no cloak)
rCorr   .          Rampage  .   g - +0 pair of gloves
Will    .....                   (no boots)
Stlth   ++........              (no amulet)
HPRegen 0.05/turn               (no ring)
MPRegen 0.11/turn               (no ring)

@: slowed, invisible, very slow
A: fangs 2, magic shield, antimagic bite, no potion heal 2
a: no special abilities


You were on level 2 of the Dungeon.
You visited 1 branch of the dungeon, and saw 2 of its levels.

You collected 105 gold pieces.

Inventory:

Hand Weapons
 c - a +0 dagger (weapon)
 f - a +0 short sword
Missiles
 i - 5 poisoned darts
Armour
 a - a +0 robe (worn)
 g - a +0 pair of gloves (worn)
Scrolls
 b - a scroll of magic mapping {unknown}
 d - 2 scrolls of blinking {unknown}
 e - a scroll of teleportation {unknown}
 h - a scroll of vulnerability {unknown}


   Skills:
 + Level 2.1 Dodging
 + Level 3.2 Stealth
 + Level 2.7 Spellcasting
 + Level 4.3 Ice Magic


You had 6 spell levels left.
You knew the following spells:

 Your Spells              Type           Power      Damage    Failure   Level
a - Freeze                Ice            60%        1d8       3%          1

Your spell library contained the following spells:

 Spells                   Type           Power      Damage    Failure   Level
 Frozen Ramparts          Ice            30%        1d5       11%         3
 Ozocubu's Armour         Ice            15%        N/A       11%         3
 Hailstorm                Conj/Ice       8%         3d4       63%         4
 Fireball                 Conj/Fire      1%         3d3       99%         5
 Starburst                Conj/Fire      1%         6d3       100%        6
 Ignition                 Fire           1%         3d3       100%        8


Dungeon Overview and Level Annotations

Branches:
Dungeon (2/15)

Altars:

Annotations:
D:2 Natasha


Innate Abilities, Weirdness & Mutations

You have extremely sharp teeth.
When hurt, damage is shared between your health and your magic reserves.
Your bite disrupts and absorbs the magic of your enemies.
Potions cannot restore your health.


Message History

Unknown command.
You start resting.
You start resting.
HP restored.
You start waiting.
Done waiting.
You start waiting.
Done waiting.
Unknown command.
You see here a +0 whip.
You now have 105 gold pieces (gained 42).
Things that are here:
a +0 mace; 5 poisoned darts; a scroll of immolation
i - 5 poisoned darts
Found a faded altar of an unknown god.
A hobgoblin comes into view.
Unknown command.
Natasha, Servant of Life and Death comes into view.
Found a stone staircase leading down.
The hobgoblin shouts!
You hear an angry hiss.
A frilled lizard comes into view.
Found a dark potion.
The hobgoblin barely misses you.
Natasha hisses angrily.
You hit the hobgoblin. You bite the hobgoblin.
You kill the hobgoblin!
Natasha casts a spell at you. The magic dart hits you!
Unknown command.
Natasha stares at you and mumbles some strange words.
The magic dart hits you!
Natasha stares at you and mumbles some strange words.
You feel yourself slow down.
Natasha mumbles some strange words.
You aren't carrying any items that you can evoke.
It was a potion of invisibility.
You fade into invisibility!
Natasha attacks as you move away! Natasha claws you.
* * * LOW HITPOINT WARNING * * *
Natasha claws you!
You die...

..............#..#.#.....#.#
♣.♣.........#...#....#.'.#
#......l.....###.#.##....###
##.....####..#.#.#.##.#.....
##...# #l.............###
#### #.#.#.####.....#
#5#.#... .....# #h#.## ##
....# #@#.# ..... #.# #.#
#.# ..# ###


You could see Natasha, a crimson imp (summoned, can't see you) and a frilled
lizard (can't see you).

Vanquished Creatures
  2 adders (D:2)
  A worm (D:2)
  A goblin (D:1)
  5 hobgoblins
  A quokka (D:1)
  4 bats (D:1)
  2 frilled lizards (D:1)
  6 kobolds
  4 rats
26 creatures vanquished.

Notes
Turn   | Place    | Note
-------+----------+-------------------------------------------
     0 | D:1      | Zonian the Vine Stalker Ice Elementalist began the quest
                  | for the Orb.
     0 | D:1      | Reached XP level 1. HP: 9/9 MP: 4/4
   841 | D:1      | Reached XP level 2. HP: 13/13 MP: 4/6
  1954 | D:2      | Reached XP level 3. HP: 9/16 MP: 1/7
  3284 | D:2      | Found a faded altar of an unknown god.
  3299 | D:2      | Noticed Natasha
  3314 | D:2      | Slain by Natasha

Illustrated notes

Levels and vault maps discovered:
D:1:      ncdulo_lavacross, layout_basic
D:2:      layout_basic, serial_shops, nicolae_shop_trees,
          hellmonk_ecumenical_altar_blasted, basic_altar, grunt_decor_junction,
          grunt_ministairs_9, uniq_natasha

Skill      XL: |  1  2 |
---------------+-------+-----
Stealth        | 3 |  3.2
Dodging        | 2 |  2.1
Spellcasting   | |  2.7
Ice Magic      | |  4.3

Action                   || total
-------------------------++-------
Melee: Dagger            ||    17
       Bite              ||     4
 Cast: Freeze            ||    32
  Use: Potion            ||     3
 Stab: Sleeping          ||     3
Armor: Robe              ||     8
Dodge: Dodged            ||    33

Table legend: (Time is in decaauts)
 A = Elapsed time spent in this place.
 B = Non-inter-level travel time spent in this place.
 C = Inter-level travel time spent in this place.
 D = Time resting spent in this place.
 E = Time spent auto-exploring this place.
 F = Levels seen in this place.
 G = Mean time per level.
                   A        B        C        D        E       F      G
               +--------+--------+--------+--------+--------+-----+--------+
         Total |   3332 |   3321 |     11 |   2060 |   1017 |   2 | 1666.0 |
       Dungeon |   3332 |   3321 |     11 |   2060 |   1017 |   2 | 1666.0 |
               +--------+--------+--------+--------+--------+-----+--------+

Top non-repeatable levels by time:
     D:2: 1729 daAuts
     D:1: 1602 daAuts
